 Dungeon Crawl Stone Soup version 0.28-a0-863-g8cecda6153 (webtiles) character file.

Game seed: 7803316512267747947

1268 ytrimaz the Covered (level 8, 0/69 HPs)
             Began as a Demonspawn Fighter on Nov 18, 2021.
             Slain by a troll (2 damage)
             ... on level 5 of the Dungeon on Nov 19, 2021.
             The game lasted 00:08:46 (7401 turns).

ytrimaz the Covered (Demonspawn Fighter)            Turns: 7401, Time: 00:08:48

Health: 0/69       AC:  8    Str: 24 (25) XL:     8   Next: 28%
Magic:  8/8        EV: 10    Int:  9 (10) God:
Gold:   260        SH:  9    Dex: 11 (12) Spells: 7/7 levels left

rFire   . . .      SeeInvis .   p - +0 dagger (venom)
rCold   . . .      Faith    .   c - +0 buckler
rNeg    . . .      Spirit   .   b - +1 scale mail
rPois   .          Reflect  .   (helmet restricted)
rElec   .          Harm     .   (no cloak)
rCorr   .          Rampage  .   (no gloves)
Will    .....                   (no boots)
Stlth   ..........              (no amulet)
HPRegen 0.21/turn               o - +6 ring of strength
MPRegen 0.11/turn               (no ring)

@: lethally poisoned (0 -> -18)
A: claws 1, hooves 1, horns 1, foul stench 1, condensation shield, high mp 1,
robust 1
a: no special abilities


You were on level 5 of the Dungeon.
You visited 1 branch of the dungeon, and saw 5 of its levels.

You collected 260 gold pieces.

Inventory:

Hand Weapons
 a - a +0 rapier
 p - a +0 dagger of venom (weapon)
Armour
 b - a +1 scale mail (worn)
 c - a +0 buckler (worn)
Jewellery
 e - a ring of flight
 o - a +6 ring of strength (left claw)
Wands
 d - a wand of iceblast (6)
 k - a wand of mindburst (13)
Scrolls
 f - a scroll of immolation
 g - a scroll of acquirement
 j - 3 scrolls of enchant armour
 m - 2 scrolls of amnesia
Potions
 h - a potion of brilliance
 n - a potion of magic


   Skills:
 + Level 5.4 Fighting
 - Level 1.7 Short Blades
 + Level 6.5 Armour
 + Level 5.1 Shields
 * Level 3.2 Unarmed Combat


You had 7 spell levels left.
You didn't know any spells.
Your spell library contained the following spells:

 Spells                   Type           Power      Damage    Failure   Level
 Blink                    Tloc           0%         N/A       80%         2
 Manifold Assault         Tloc           0%         N/A       100%        5
 Storm Form               Tmut/Air       0%         N/A       100%        7


Dungeon Overview and Level Annotations

Branches:
Dungeon (5/15)
 Temple: D:4-7

Altars:
Gozag
Uskayaw
The Shining One

Shops:
D:1 (


Innate Abilities, Weirdness & Mutations

You have sharp fingernails.
You have large cloven feet.
You have a pair of small horns on your head.
You may rarely emit foul miasma when damaged in melee.
A meltable shield of frost defends you. (SH +4)
You have an increased reservoir of magic. (+10% MP)
You are robust. (+10% HP)


Message History

You hit the troll.
The troll looks as sick as possible!
Your kick misses the troll.
The troll is moderately wounded.
You barely miss the troll. You kick the troll, but do no damage.
The troll is moderately wounded.
The troll bites you! You block the troll's attack. The troll claws you!
You hit the troll.
The troll looks as sick as possible!
You kick the troll.
The troll is moderately wounded.
You block the troll's attack. The troll claws you but does no damage.
The troll claws you.
Unknown command.
You hit the troll but do no damage. Your kick misses the troll.
Your headbutt misses the troll.
The troll is heavily wounded.
You block the troll's attack. The troll claws you!
You emit a cloud of foul miasma!
The troll barely misses you.
The troll is engulfed in dark miasma.
The troll looks as sick as possible!
The scorpion stings you but does no damage.
You hit the scorpion. You kick the scorpion. Your headbutt misses the scorpion.
The scorpion is moderately wounded.
The troll bites you but does no damage. The troll claws you!
* * * LOW HITPOINT WARNING * * *
You block the troll's attack. The scorpion stings you.
* * * LOW HITPOINT WARNING * * *
You are poisoned.
The scorpion poisons you!
Okay, then.
* * * LOW HITPOINT WARNING * * *
You feel very sick. The scorpion stings you.
* * * LOW HITPOINT WARNING * * *
You are more poisoned.
The scorpion poisons you!
You emit a cloud of foul miasma!
It was a potion of degeneration.
There was something very wrong with that liquid.
You feel weakened.
You feel dopey.
You feel clumsy.
* * * LOW HITPOINT WARNING * * *
You feel very sick. The troll bites you.
You die...

#.###.####......#.#..
#.##..####......#.###
#.......##....###.###
##......#####.....#+.
##.[.### ###.#######
#####..#####.......#
#.........###.....####
#.###...#.# ##...##..P
#.##.@....# ##'##....
#.#..Ts...# #.#....P
#.##......# #.#.#...
#.###...#.## ##.#.###.
#.###..#...###....###.
#....○.>....#.........
#####........#...##.##
#........##.###.#
#...............#


You could see a troll (extremely poisoned) and a scorpion.

Vanquished Creatures
  Prince Ribbit (D:5)
  An ice beast (D:5)
  2 black bears (D:5)
  An ogre (D:4)
  A scorpion (D:4)
  A centaur skeleton (D:5)
  2 bullfrog zombies (D:5)
  An orc priest (D:5)
  A jelly (D:4)
  Ijyb (D:3)
  2 iguanas
  6 orc wizards
  2 scorpion zombies (D:5)
  A killer bee zombie (D:5)
  A hound zombie (D:5)
  2 howler monkey zombies
  6 adders
  A white imp (D:5)
  An adder zombie (D:5)
  2 worms
  2 dart slugs
  13 orcs
  6 ball pythons
  7 endoplasms
  2 giant cockroaches
  7 goblins
  10 hobgoblins
  5 kobolds
  3 quokkas
  3 bats (D:1)
  3 frilled lizards
  2 rats (D:1)
99 creatures vanquished.

Vanquished Creatures (others)
  An orc wizard (D:4)
  2 plants (D:1)
  2 withered plants (D:5)
5 creatures vanquished.

Grand Total: 104 creatures vanquished

Notes
Turn   | Place    | Note
-------+----------+-------------------------------------------
     0 | D:1      | ytrimaz the Demonspawn Fighter began the quest for the Orb.
     0 | D:1      | Reached XP level 1. HP: 18/18 MP: 1/1
    65 | D:1      | Found a faded altar of an unknown god.
   102 | D:1      | Discovered your monstrous ancestry.
   102 | D:1      | Gained mutation: You have a pair of small horns on your
                  | head. [demonic ancestry]
   102 | D:1      | Reached XP level 2. HP: 19/24 MP: 2/2
   179 | D:1      | Found Gugeuhif's Antique Weapon Emporium.
   424 | D:1      | Reached skill level 3 in Armour
   632 | D:1      | Reached XP level 3. HP: 29/29 MP: 3/3
  1705 | D:2      | Gained mutation: A meltable shield of frost defends you.
                  | (SH +4) [demonic ancestry]
  1705 | D:2      | Reached XP level 4. HP: 32/37 MP: 4/4
  1991 | D:3      | Noticed Ijyb
  2007 | D:3      | Killed Ijyb
  2473 | D:3      | Reached skill level 4 in Armour
  2473 | D:3      | Gained mutation: You have sharp fingernails. [demonic
                  | ancestry]
  2473 | D:3      | Reached XP level 5. HP: 13/42 MP: 5/5
  3402 | D:4      | HP: 2/42 [hound (2)]
  4167 | D:4      | Reached skill level 1 in Unarmed Combat
  4167 | D:4      | Reached XP level 6. HP: 13/48 MP: 6/6
  5127 | D:4      | Gained mutation: You are robust. (+10% HP) [potion of
                  | mutation]
  5127 | D:4      | Gained mutation: You have an increased reservoir of magic.
                  | (+10% MP) [potion of mutation]
  5159 | D:5      | Entered Level 5 of the Dungeon
  5205 | D:5      | Noticed Prince Ribbit
  5223 | D:5      | Killed Prince Ribbit
  5224 | D:5      | Reached skill level 5 in Armour
  5241 | D:5      | Gained mutation: You have large cloven feet. [demonic
                  | ancestry]
  5241 | D:5      | Reached XP level 7. HP: 17/60 MP: 7/7
  5499 | D:5      | Found an opulent altar of Gozag.
  5603 | D:5      | Found a hide-covered altar of Uskayaw.
  6379 | D:5      | Reached skill level 5 in Fighting
  6771 | D:5      | Reached skill level 6 in Armour
  6780 | D:5      | Gained mutation: You may rarely emit foul miasma when
                  | damaged in melee. [demonic ancestry]
  6780 | D:5      | Reached XP level 8. HP: 44/68 MP: 8/8
  6792 | D:5      | Reached skill level 5 in Shields
  7376 | D:5      | Identified a scroll of acquirement
  7377 | D:5      | Noticed a troll
  7401 | D:5      | HP: 2/69 [poisoned by a scorpion]
  7401 | D:5      | Slain by a troll

Illustrated notes

Levels and vault maps discovered:
D:1:      tarquinn_simple_flora_water_e, layout_basic, serial_shops, shop,
          hellmonk_ecumenical_altar_heavens_door,
          corexii_item_surrounded_by_moat, serial_bayou_lake_a
D:2:      layout_basic
D:3:      layout_basic, uniq_ijyb
D:4:      layout_rooms, overflow_temple_1_default, minivault_23
D:5:      layout_loops_corners, nicolae_gozag_seed_capital,
          nicolae_overflow_crystal_walls, serial_undead, serial_undead_b,
          serial_undead_b, serial_undead_f, serial_undead_a, chequers_garden,
          kennysheep_generic_room_2, uniq_prince_ribbit1

Skill      XL: |  1  2  3  4  5  6  7  8 |
---------------+-------------------------+-----
Shields        | 3 4 5 |  5.1
Armour         | 3 4 5 6 |  6.5
Fighting       | 4 5 |  5.4
Unarmed Combat | 1 2 3 |  3.2
Short Blades   | |  1.7

Action                   |  1- 3 |  4- 6 |  7- 9 || total
-------------------------+-------+-------+-------++-------
Melee: Rapier            |   126 |   136 |       ||   262
       Headbutt          |    15 |    34 |    44 ||    93
       Unarmed           |       |    20 |       ||    20
       Dagger            |       |    36 |   152 ||   188
       Kick              |       |       |    63 ||    63
  Use: Scroll            |     1 |    10 |     2 ||    13
       Potion            |       |     4 |     1 ||     5
Armor: Scale mail        |    63 |    71 |    63 ||   197
Dodge: Dodged            |    49 |    56 |    62 ||   167
Block: Buckler           |    22 |    84 |    66 ||   172

Table legend: (Time is in decaauts)
 A = Elapsed time spent in this place.
 B = Non-inter-level travel time spent in this place.
 C = Inter-level travel time spent in this place.
 D = Time resting spent in this place.
 E = Time spent auto-exploring this place.
 F = Levels seen in this place.
 G = Mean time per level.
                   A        B        C        D        E       F      G
               +--------+--------+--------+--------+--------+-----+--------+
         Total |   7449 |   7323 |    126 |   1554 |   4711 |   5 | 1489.8 |
       Dungeon |   7449 |   7323 |    126 |   1554 |   4711 |   5 | 1489.8 |
               +--------+--------+--------+--------+--------+-----+--------+

Top non-repeatable levels by time:
     D:3: 1902 daAuts
     D:4: 1854 daAuts
     D:5: 1784 daAuts
     D:2: 1046 daAuts
     D:1: 862 daAuts
